 Dungeon Crawl Stone Soup version 0.27-a0-951-gae3e1deef5 (webtiles) character file.

Game seed: 13227260073493540854

2 Alarkh the Insei (level 1, 0/15 HPs)
             Began as a Demonspawn Transmuter on Apr 11, 2021.
             Slain by a jackal (2 damage)
             ... on level 1 of the Dungeon.
             The game lasted 00:00:39 (118 turns).

Alarkh the Insei (Demonspawn Transmuter)             Turns: 118, Time: 00:00:39

Health: 0/15       AC:  2    Str: 10    XL:     1   Next: 33%
Magic:  2/3        EV: 12    Int: 14    God:
Gold:   11         SH:  0    Dex: 13    Spells: 3/4 levels left

rFire    . . .     SeeInvis .     - Unarmed
rCold    . . .     Faith    .   (no shield)
rNeg     . . .     Spirit   .   a - +0 robe
rPois    .         Reflect  .   (helmet currently unavailable)
rElec    .         Harm     .   (no cloak)
rCorr    .         Rampage  .   (no gloves)
Will     +....                  (boots currently unavailable)
Stlth    +.........             (no amulet)
HPRegen  0.05/turn              b - ring of willpower
MPRegen  0.08/turn              (no ring)

@: appendages (expiring)
A: horns 2, talons 2
a: End Transformation


You were on level 1 of the Dungeon.
You had temporarily grown beastly horns and talons.
You visited 1 branch of the dungeon, and saw 1 of its levels.

You collected 11 gold pieces.

Inventory:

Armour
 a - a +0 robe (worn)
Jewellery
 b - a ring of willpower (left hand)


   Skills:
 + Level 1.0 Fighting
 - Level 1.7 Dodging
 * Level 2.7 Unarmed Combat
 + Level 2.0 Spellcasting
 + Level 1.8 Transmutations


You had 3 spell levels left.
You knew the following spells:

 Your Spells              Type           Power      Damage    Failure   Level
a - Beastly Appendage     Tmut           12%        N/A       11%         1

Your spell library contained the following spells:

 Spells                   Type           Power      Damage    Failure   Level
 Wereblood                Tmut           6%         N/A       17%         2
 Spider Form              Tmut/Pois      2%         N/A       43%         3
 Ice Form                 Ice/Tmut       4%         N/A       85%         4
 Hydra Form               Tmut           3%         N/A       97%         5


Dungeon Overview and Level Annotations

Branches:
Dungeon (1/15)

Altars:


Innate Abilities, Weirdness & Mutations

You have temporarily grown beastly horns and talons.


Message History

You are frozen.
The jackal bites you.
You hit the endoplasm.
You kill the endoplasm!
The jackal bites you.
You are too injured to fight recklessly!
You are too injured to fight recklessly!
You are too injured to fight recklessly!
You are too injured to fight recklessly!
You are too injured to fight recklessly!
You are too injured to fight recklessly!
You are too injured to fight recklessly!
You are too injured to fight recklessly!
You are too injured to fight recklessly!
You are too injured to fight recklessly!
You are too injured to fight recklessly!
You are too injured to fight recklessly!
The jackal bites you.
You see here 16 gold pieces.
Your horns disappear.
Your talons disappear.
You see here a +0 whip.
Casting: Beastly Appendage (safe; 12% risk of failure)
Confirm with . or Enter, or press ? or * to list all spells.
You grow a pair of large bovine horns.
Your feet morph into talons.
The jackal closely misses you. x2
Unknown command.
You closely miss the jackal. You claw the jackal.
You headbutt the jackal, but do no damage.
The jackal is severely wounded.
The jackal bites you.
You hit the jackal.
You kill the jackal!
You completely miss the jackal. You claw the jackal.
The jackal is almost dead.
Your transformation is almost over.
The jackal bites you.
* * * LOW HITPOINT WARNING * * *
You completely miss the jackal. You headbutt the jackal.
You kill the jackal!
The jackal bites you.
You die...

#.#######.
#.........
#.######..
#.# #.####
#....#
####.# #.#
#@#
##h###.#.#
#........#
##?$###.###
#...# #...#
#...# ###..
#...


You could see a jackal.

Vanquished Creatures
  An endoplasm (D:1)
  2 jackals (D:1)
3 creatures vanquished.

Notes
Turn   | Place    | Note
-------+----------+-------------------------------------------
     0 | D:1      | Alarkh the Demonspawn Transmuter began the quest for the
                  | Orb.
     0 | D:1      | Reached XP level 1. HP: 15/15 MP: 3/3
   118 | D:1      | Slain by a jackal

Illustrated notes

Levels and vault maps discovered:
D:1:      tarquinn_simple_flora_water_e, layout_loops_ring

Action                   || total
-------------------------++-------
Melee: Unarmed           ||     8
       Headbutt          ||     3
       Kick              ||     2
 Cast: Beastly Appendage ||     2
Dodge: Dodged            ||     3

Table legend: (Time is in decaauts)
 A = Elapsed time spent in this place.
 B = Non-inter-level travel time spent in this place.
 C = Inter-level travel time spent in this place.
 D = Time resting spent in this place.
 E = Time spent auto-exploring this place.
 F = Levels seen in this place.
 G = Mean time per level.
                   A        B        C        D        E       F      G
               +--------+--------+--------+--------+--------+-----+--------+
         Total |    117 |    117 |      0 |      0 |     98 |   1 |  117.0 |
       Dungeon |    117 |    117 |      0 |      0 |     98 |   1 |  117.0 |
               +--------+--------+--------+--------+--------+-----+--------+

Top non-repeatable levels by time:
     D:1: 117 daAuts
